AoeStats
← [GDL] HANNIBAL

Oasis

508582740Analyzed
4v4 RM · 10d ago on Sep 23, 2026· 53m 34s· 8 players
Game mode
Random Map
Map size
Large (8 player)
Population
200
Speed
Normal
Resources
Standard
Victory
Conquest
Starting age
Dark Age
Ending age
Imperial Age
RankedLock teamsTeams togetherTeam positionsShared explorationLock speedFull tech treeHidden civsTurbo modeCheats
Victory
Defeat
🇦🇷 Persians · Argentina
1298
+18
🇺🇸 Ethiopians · United States
1298
+18
🇹🇼 Danes · Taiwan
1277
+19
🇨🇴 Varangians · Colombia
1238
+20
🇨🇴 Ethiopians · Colombia
1480
-25
🇲🇽 Berbers · Mexico
1413
-22
🇲🇽 Varangians · Mexico
1256
-15
1185
-13
el manuck
7:01 Loom
9:44 Feudal Age
10:24 Double-Bit Axe
16:16 Fletching
18:34 Padded Archer Armor
25:53 Castle Age
24:11 Horse Collar
25:54 Crossbowman
26:30 Bodkin Arrow
27:33 Gold Mining
32:29 Leather Archer Armor
33:28 Bow Saw
34:14 Ballistics
35:33 Wheelbarrow
35:09 Heavy Plow
43:58 Imperial Age
43:55 Hand Cart
43:26 Town Watch
44:29 Gold Shaft Mining
44:01 Arbalester
44:45 Bracer
45:48 Ring Archer Armor
46:38 Chemistry
47:13 Siege Engineers
50:35 Thumb Ring
50:53 Conscription
50:36 Torsion Engines
50:56 Halberdier
51:36 Squires
51:37 Scale Mail Armor
51:48 Forging
53:24 Chain Mail Armor
53:45 Iron Casting
JairoElChigüi
6:30 Loom
9:27 Feudal Age
9:59 Double-Bit Axe
13:09 Forging
14:08 Scale Barding Armor
16:23 Bloodlines
19:44 Town Watch
24:53 Castle Age
22:57 Gold Mining
25:14 Wheelbarrow
25:11 Stone Mining
25:57 Chain Barding Armor
26:13 Iron Casting
25:52 Husbandry
29:10 Stone Shaft Mining
28:49 Bow Saw
31:03 Horse Collar
32:23 Heavy Plow
34:14 Fervor
36:24 Hand Cart
39:44 Imperial Age
37:48 Fortified Wall
37:33 Murder Holes
40:45 Conscription
41:01 Plate Barding Armor
39:54 Cavalier
42:12 Blast Furnace
42:42 Fletching
43:00 Siege Engineers
43:50 Bodkin Arrow
43:45 Vendel Legacy
44:32 Bracer
45:52 Chemistry
45:12 Ballistics
45:03 Masonry
46:21 Two-Man Saw
45:52 Crop Rotation
50:23 Town Patrol
51:54 Stone Shaft Mining
SwallowXII
5:34 Loom
10:40 Feudal Age
11:52 Double-Bit Axe
18:53 Fletching
22:06 Gold Mining
23:23 Padded Archer Armor
26:31 Wheelbarrow
32:43 Castle Age
43:53 Elite Skirmisher
46:00 Bow Saw
45:32 Horse Collar
46:21 Bodkin Arrow
46:41 Leather Archer Armor
53:20 Thumb Ring
jj
6:41 Loom
9:14 Feudal Age
9:53 Double-Bit Axe
12:10 Horse Collar
17:20 Forging
17:56 Scale Barding Armor
18:12 Bloodlines
22:42 Castle Age
20:40 Gold Mining
22:57 Wheelbarrow
23:17 Heavy Plow
23:31 Bow Saw
23:48 Chain Barding Armor
23:40 Husbandry
29:03 Caravan
32:26 Iron Casting
38:19 Gold Shaft Mining
42:42 Imperial Age
42:34 Heavy Camel Rider
42:34 Cavalier
43:53 Plate Barding Armor
44:18 Blast Furnace
43:52 Coinage
44:10 Savar
48:25 Banking
50:39 Conscription
50:57 Hoardings
51:27 Chemistry
[GDL] Lissom
10:23 Feudal Age
11:42 Loom
12:17 Bloodlines
14:24 Scale Barding Armor
14:34 Forging
25:40 Castle Age
25:43 Light Cavalry
26:55 Chain Barding Armor
27:11 Iron Casting
28:52 Horse Collar
[GDL] HANNIBAL
9:30 Feudal Age
13:04 Bloodlines
13:46 Horse Collar
14:43 Double-Bit Axe
15:37 Scale Barding Armor
23:17 Castle Age
23:20 Light Cavalry
24:12 Forging
26:18 Town Watch
27:36 Chain Barding Armor
28:34 Wheelbarrow
28:44 Husbandry
32:13 Iron Casting
32:48 Gold Mining
33:01 Heavy Plow
34:40 Bow Saw
39:03 Fletching
40:06 Hand Cart
45:23 Imperial Age
44:20 Stone Mining
45:39 Bodkin Arrow
45:45 Padded Archer Armor
45:29 Heavy Camel Rider
47:23 Bracer
47:59 Plate Barding Armor
48:22 Conscription
48:38 Loom
50:26 Blast Furnace
[GDL]HULKMEN_GT
6:23 Loom
8:45 Feudal Age
9:44 Double-Bit Axe
14:18 Fletching
15:39 Horse Collar
17:32 Padded Archer Armor
22:43 Castle Age
21:16 Gold Mining
21:55 Stone Mining
23:02 Crossbowman
23:48 Thumb Ring
24:48 Bodkin Arrow
30:54 Imperial Age
29:49 Bow Saw
30:27 Wheelbarrow
30:29 Leather Archer Armor
31:21 Arbalester
33:06 Chemistry
32:40 Bracer
33:57 Ballistics
35:43 Ring Archer Armor
35:24 Forging
37:36 Halberdier
40:46 Iron Casting
46:41 Scale Mail Armor
47:41 Blast Furnace
50:24 Chain Mail Armor
[Baratos] Roler The Lag Bringer
10:14 Feudal Age
10:18 Man-at-Arms
11:39 Loom
12:59 Scale Mail Armor
17:26 Double-Bit Axe
22:00 Gold Mining
26:53 Castle Age
25:50 Fletching
33:39 Town Watch
Connection lost

Rejoining the realm…

Still unreachable

The connection could not be restored.

Session expired

The server has moved on; the page needs a fresh start.